 Dungeon Crawl Stone Soup version 0.27.1 (webtiles) character file.

Game seed: 3596137929760896422

16 hawla the Sneak (level 2, -1/18 HPs)
             Began as a Deep Elf Delver on Aug 31, 2021.
             Slain by a kobold (2 damage)
             ... on level 2 of the Dungeon.
             The game lasted 00:05:56 (1631 turns).

hawla the Sneak (Deep Elf Delver)                   Turns: 1631, Time: 00:05:57

Health: -1/18      AC:  3    Str:  9    XL:     2   Next: 37%
Magic:  2/5        EV: 12    Int: 14    God:
Gold:   43         SH:  0    Dex: 16    Spells: 1/2 levels left

rFire    + . .     SeeInvis .   a - +0 short sword
rCold    . . .     Faith    .   (no shield)
rNeg     . . .     Spirit   .   b - +0 leather armour
rPois    .         Reflect  .   (no helmet)
rElec    .         Harm     .   (no cloak)
rCorr    .         Rampage  .   (no gloves)
Will     .....                  (no boots)
Stlth    +++.......             (no amulet)
HPRegen  0.06/turn              i - ring of protection from fire
MPRegen  0.09/turn              (no ring)

@: very slightly contaminated
A: no striking features
a: no special abilities


You were on level 2 of the Dungeon.
You visited 1 branch of the dungeon, and saw 5 of its levels.

You collected 43 gold pieces.

Inventory:

Hand Weapons
 a - a +0 short sword (weapon)
Armour
 b - a +0 leather armour (worn)
Jewellery
 i - a ring of protection from fire (left hand)
Wands
 g - a wand of digging (3)
Scrolls
 c - a scroll of fog
 d - a scroll of magic mapping
 h - a scroll of immolation


   Skills:
 + Level 2.4 Fighting
 + Level 2.7 Short Blades
 + Level 2.4 Dodging
 + Level 6.2 Stealth
 + Level 0.6 Spellcasting


You had one spell level left.
You knew the following spells:

 Your Spells              Type           Power      Damage    Failure   Level
a - Freeze                Ice            0%         1d3       36%         1

Your spell library contained the following spells:

 Spells                   Type           Power      Damage    Failure   Level
 Frozen Ramparts          Ice            0%         1d2       75%         3
 Hailstorm                Conj/Ice       0%         3d3       98%         4


Dungeon Overview and Level Annotations

Branches:
Dungeon (5/15)
 Temple: D:4-7

Altars:


Message History

You climb downwards.
There is a stone staircase leading up, spattered with blood here.
You climb upwards.
The kobold hits you with a +0 short sword. x2
There is a stone staircase leading down, spattered with blood here.
Casting: Freeze (safe; 36% risk of failure)
Confirm with . or Enter, or press ? or * to list all spells.
Aiming: Freeze (safe; 36% risk of failure)
Press: ? - help, Shift-Dir - straight line, f - kobold
Aim: a kobold, wielding a +0 short sword You miscast Freeze.
You are very lightly contaminated with residual magic.
Nothing appears to happen.
The ball python hisses angrily.
The kobold hits you with a +0 short sword.
The kobold hits you with a +0 short sword.
* * * LOW HITPOINT WARNING * * *
You climb downwards.
There is a stone staircase leading up, spattered with blood here.
Casting: Freeze (safe; 36% risk of failure)
Confirm with . or Enter, or press ? or * to list all spells.
Aiming: Freeze (safe; 36% risk of failure)
Press: ? - help, Shift-Dir - straight line, f - kobold
Aim: a kobold, wielding a +0 short sword You freeze the kobold.
The kobold is moderately wounded.
The kobold hits you with a +0 short sword.
* * * LOW HITPOINT WARNING * * *
You hit the kobold but do no damage.
The kobold is moderately wounded.
The kobold hits you with a +0 short sword.
* * * LOW HITPOINT WARNING * * *
Casting: Freeze (safe; 36% risk of failure)
Confirm with . or Enter, or press ? or * to list all spells.
Aiming: Freeze (safe; 36% risk of failure)
Press: ? - help, Shift-Dir - straight line, f/p - kobold
Aim: a kobold, wielding a +0 short sword (moderately wounded)
You miscast Freeze.
Nothing appears to happen.
The kobold hits you with a +0 short sword.
You die...

.......######################
######......................# #
######################.# #
#.....†.......# #.#
#.###########.# #.# ##.##### #.#
#.# #......# ###.########.#####
#......#####................#
#...........@K.########.##<.#
#####......###.....# #.##..#
#......#+#.).......# #.##..#
#......#.#.###.....########.##..#
..................†....>........#
##########.###.#...####.###.##.##
#...##########.......##........#
#...###...##.......#.##..##.####
#...###....###...........##.#


You could see a kobold.

Vanquished Creatures
  An orc (D:5)
  A ball python (D:2)
  2 endoplasms
  A goblin (D:2)
  A hobgoblin (D:2)
  A quokka (D:2)
  2 bats (D:2)
  A frilled lizard (D:2)
  2 kobolds
  2 rats
14 creatures vanquished.

Notes
Turn   | Place    | Note
-------+----------+-------------------------------------------
     0 | D:5      | hawla the Deep Elf Delver began the quest for the Orb.
     0 | D:5      | Reached XP level 1. HP: 13/13 MP: 3/3
   288 | D:5      | Noticed a jelly
   293 | D:5      | Noticed a scorpion
   300 | D:5      | Noticed a scorpion
   636 | D:1      | Reached XP level 2. HP: 15/18 MP: 5/5
   644 | D:1      | Learned a level 1 spell: Freeze
  1160 | D:2      | Found a faded altar of an unknown god.
  1631 | D:2      | Slain by a kobold

Illustrated notes

Levels and vault maps discovered:
D:1:      lightli_arrival_quake, layout_loops_ring
D:2:      layout_basic, ebering_ecumenical_altar_webs, hangedman_glass_teeth,
          grunt_decor_cap, kennysheep_pointless_box, uniq_crazy_yiuf_cottage
D:3:      layout_basic, lemuel_round_altar, minivault_11
D:4:      layout_loops_corners, minmay_cupped, uniq_duvessa
D:5:      layout_layer_cave

Action                   || total
-------------------------++-------
Melee: Short sword       ||    71
 Cast: Freeze            ||     7
  Use: Potion            ||     3
       Scroll            ||     2
 Stab: Sleeping          ||     5
Armor: Leather armour    ||    29
Dodge: Dodged            ||    63
